 Dungeon Crawl Stone Soup version 0.30-a0-4-ga7cffc901d (webtiles) character file.

Game seed: 6201555386364177823

14 Setbun the Sneak (level 2, 0/16 HPs)
             Began as a Kobold Enchanter on Aug 20, 2022.
             Slain by Natasha (5 damage)
             ... on level 2 of the Dungeon.
             The game lasted 00:00:20 (706 turns).

Setbun the Sneak (Kobold Enchanter)                  Turns: 706, Time: 00:00:20

Health: 0/16       AC:  2    Str:  5    XL:     2   Next: 55%
Magic:  5/5        EV: 15    Int: 16    God:
Gold:   19         SH:  0    Dex: 15    Spells: 5/5 levels left

rFire   . . .      SeeInvis .    a - +1 dagger
rCold   . . .      Faith    .    (no shield)
rNeg    . . .      Spirit   .    b - +0 robe
rPois   .          Reflect  .    (no helmet)
rElec   .          Harm     .    (no cloak)
rCorr   .          Rampage  .    (no gloves)
Will    .....                    (no boots)
Stlth   ++++......               (no amulet)
HPRegen 0.05/turn                (no ring)
MPRegen 0.09/turn                (no ring)

@: no status effects
A: small, no large weapons, nightstalker 3
a: no special abilities


You were on level 2 of the Dungeon.
You visited 1 branch of the dungeon, and saw 2 of its levels.

You collected 19 gold pieces.

Inventory:

Hand Weapons
 a - a +1 dagger (weapon)
Armour
 b - a +0 robe (worn)
Scrolls
 d - a scroll of blinking {unknown}
 e - a scroll of noise {unknown}
Potions
 c - 2 potions of invisibility


   Skills:
 + Level 0.5 Fighting
 * Level 2.0 Short Blades
 + Level 2.5 Dodging
 * Level 4.4 Stealth
 + Level 2.3 Spellcasting
 + Level 3.0 Hexes


You had 5 spell levels left.
You didn't know any spells.
Your spell library contained the following spells:

 Spells                   Type           Power      Damage    Failure   Level
 Ensorcelled Hibernation  Hex/Ice        12%        N/A       16%         2
 Confusing Touch          Hex            11%        N/A       17%         3
 Tukima's Dance           Hex            11%        N/A       17%         3
 Dazzling Flash           Conj/Hex       12%        N/A       32%         3


Dungeon Overview and Level Annotations

Branches:
Dungeon (2/15)

Altars:

Annotations:
D:2 Natasha


Innate Abilities, Weirdness & Mutations

You are small and have problems with some larger weapons.
You are completely attuned to the shadows.


Message History

Natasha stares at you and mumbles some strange words.
You resist with significant effort.
You hit Natasha.
Natasha is moderately wounded.
Natasha stares at you and mumbles some strange words.
You resist with significant effort.
You closely miss Natasha.
Natasha is moderately wounded.
Natasha claws you.
You closely miss Natasha.
Natasha is moderately wounded.
Natasha claws you but does no damage.
You closely miss Natasha.
Natasha is moderately wounded.
Natasha barely misses you.
You hit Natasha.
Natasha is heavily wounded.
Natasha misses you.
You hit Natasha.
Natasha is severely wounded.
Natasha claws you!
You are too injured to fight recklessly!
You are too injured to fight recklessly!
You are too injured to fight recklessly!
You are too injured to fight recklessly!
You are too injured to fight recklessly!
You are too injured to fight recklessly!
Natasha is nearby!
You hit Natasha.
Natasha is severely wounded.
Natasha closely misses you.
You closely miss Natasha.
Natasha is severely wounded.
You hit Natasha.
Natasha is almost dead.
Natasha closely misses you.
You barely miss Natasha.
Natasha is almost dead.
Natasha claws you.
You die...

#..##......###.# #
#.>##.......##.# #
#..# ##...#.##.# #
#..####...#.##.####
#...<.....#.##.....
##.####..##.##.####
#.# #..#...#.# #.#
#........# #@#
##.#...###
...h.......##.##
####..........#######
....##............
##### ############


You could see Natasha.

Vanquished Creatures
  An adder (D:2)
  A giant cockroach (D:2)
  A hobgoblin (D:2)
  3 rats
6 creatures vanquished.

Notes
Turn   | Place    | Note
-------+----------+-------------------------------------------
     0 | D:1      | Setbun the Kobold Enchanter began the quest for the Orb.
     0 | D:1      | Reached XP level 1. HP: 10/10 MP: 3/3
   112 | D:1      | You fall into a shaft and drop 1 floor!
   213 | D:2      | Reached XP level 2. HP: 10/16 MP: 5/5
   692 | D:2      | Noticed Natasha
   706 | D:2      | Slain by Natasha

Illustrated notes

Levels and vault maps discovered:
D:1:      lemuel_arrival_funnel, layout_loops_corners,
          hellmonk_ecumenical_altar_crossroads, serial_forest,
          infiniplex_forest_lined_1, infiniplex_forest_join,
          infiniplex_forest_end_3, infiniplex_forest_clump_long,
          infiniplex_forest_diagonal, infiniplex_forest_lined_2,
          infiniplex_forest_clump_medium, infiniplex_forest_clump_diagonal,
          corexii_item_surrounded_by_moat, st_stairs_5
D:2:      layout_loops_ring, uniq_natasha

Skill      XL: |  1  2 |
---------------+-------+-----
Short Blades   | 2 |  2.0
Fighting       | |  0.5
Dodging        | |  2.5
Stealth        | |  4.4
Spellcasting   | |  2.3
Hexes          | |  3.0

Action                   || total
-------------------------++-------
Melee: Dagger            ||    26
Armor: Robe              ||     5
Dodge: Dodged            ||    17

Table legend: (Time is in decaauts)
 A = Elapsed time spent in this place.
 B = Non-inter-level travel time spent in this place.
 C = Inter-level travel time spent in this place.
 D = Time resting spent in this place.
 E = Time spent auto-exploring this place.
 F = Levels seen in this place.
 G = Mean time per level.
                   A        B        C        D        E       F      G
               +--------+--------+--------+--------+--------+-----+--------+
         Total |    703 |    703 |      0 |      0 |    651 |   2 |  351.5 |
       Dungeon |    703 |    703 |      0 |      0 |    651 |   2 |  351.5 |
               +--------+--------+--------+--------+--------+-----+--------+

Top non-repeatable levels by time:
     D:2: 591 daAuts
     D:1: 111 daAuts
